Map: [EWC] Goldenaura

Players

Coffee

  • Race: Terran Terran
  • Spawn Location: 12:00

Solar - Winner!

  • Race: Zerg Zerg
  • Spawn Location: 5:00

Event: Esports World Cup 2024

VOD

Have the link to the VOD?

Description

Time

  • Played on: Aug. 15, 2024, 8:11 a.m.
  • Length: 7:25

All games in this series

Show
View Real Time Build Order
Export as new Build Order

Coffee Terran 

Build Orders: Hellion Opening 

Get SALT Encoding   

  12  0:00  SCV  
  13  0:12  SCV  
  14  0:18  Supply Depot  
  14  0:24  SCV  
  15  0:40  SCV  
  15  0:42  Barracks  
  16  0:45  Refinery  
  16  0:52  SCV  
  17  1:04  SCV  
  18  1:16  SCV  
  19  1:29  Orbital Command, Marine  
  20  1:40  Command Center  
  20  1:47  Marine  
  21  1:54  Supply Depot  
  21  1:55  SCV  
  22  2:05  Factory  
  22  2:11  SCV, Barracks Reactor  
  23  2:18  Refinery  
  23  2:23  SCV  
  24  2:35  SCV  
  25  2:54  Starport  
  25  2:56  Orbital Command  
  25  2:57  SCV  
  26  3:00  Barracks Tech Lab  
  26  3:03  Hellion x2  
  30  3:09  SCV  
  31  3:15  Supply Depot  
  31  3:23  SCV  
  31  3:24  Hellion  
  31  3:25  Hellion, Marauder  
  38  3:31  Viking  
  40  3:37  SCV x2  
  42  3:44  Concussive Shells  
  42  3:47  Marauder  
  44  3:50  Hellion x2  
  44  3:54  Supply Depot  
  48  3:59  SCV x2  
  48  4:01  Medivac  
  52  4:06  Armory  
  52  4:08  Marauder  
  54  4:16  Hellion x2  
  58  4:23  SCV x2  
  60  4:25  Supply Depot  
  60  4:34  Medivac  
  62  4:47  Supply Depot x2, SCV, Hellion x2  
  62  4:50  Marauder  
  69  5:09  Hellion x2  
  69  5:12  SCV x2  
  69  5:13  Starport Tech Lab  
  75  5:19  Command Center  
  71  5:25  Hellion  
  67  5:28  SCV x2  
  67  5:32  Banshee, Stimpack  
  55  5:42  SCV  
  55  5:43  SCV  
  55  5:44  Barracks x2  
  55  5:46  Factory Reactor  
  56  5:55  SCV x2  
  58  5:58  Engineering Bay  
  58  5:59  Engineering Bay  
  58  6:05  Refinery  
  58  6:07  SCV x2  
  58  6:08  Refinery  
  60  6:14  Banshee  
  61  6:22  SCV  
  62  6:26  SCV  
  58  6:33  Marine x2  
  58  6:34  Hellion x2  
  58  6:35  SCV  
  58  6:38  SCV  
  62  6:40  Barracks  
  62  6:41  Barracks  
Show
View Real Time Build Order
Export as new Build Order

Solar Zerg - Winner!

Build Orders: Hatch First 

Get SALT Encoding   

  12  0:00  Drone  
  13  0:12  Overlord  
  13  0:17  Drone  
  14  0:31  Drone x2  
  16  0:48  Hatchery  
  15  0:51  Drone  
  15  0:54  Drone  
  17  0:57  Drone  
  18  1:08  Extractor  
  17  1:14  Spawning Pool  
  17  1:16  Drone  
  17  1:19  Drone  
  18  1:27  Drone  
  19  1:39  Drone  
  20  1:49  Drone  
  21  2:00  Queen x2  
  25  2:01  Zergling x4  
  27  2:12  Overlord  
  27  2:13  Drone  
  28  2:16  Metabolic Boost  
  28  2:27  Overlord  
  28  2:32  Drone  
  28  2:33  Drone  
  30  2:39  Hatchery  
  30  2:40  Drone  
  30  2:48  Queen  
  31  2:51  Drone  
  31  2:53  Drone  
  33  3:00  Overlord  
  33  3:01  Drone  
  33  3:04  Drone  
  33  3:05  Overlord  
  35  3:20  Drone x4  
  35  3:24  Queen  
  35  3:25  Queen  
  43  3:29  Drone x2  
  45  3:37  Drone  
  45  3:39  Drone  
  47  3:42  Drone  
  47  3:46  Zergling x4  
  50  3:51  Overlord  
  50  3:52  Queen  
  50  3:53  Drone x2  
  54  3:59  Drone x3  
  57  4:05  Spore Crawler  
  57  4:07  Overlord  
  57  4:09  Queen  
  58  4:10  Zergling x4  
  58  4:16  Roach Warren  
  58  4:17  Zergling x2  
  60  4:21  Drone  
  60  4:22  Drone x2, Extractor  
  62  4:25  Drone  
  62  4:28  Drone x2  
  62  4:31  Queen  
  65  4:33  Overlord  
  65  4:36  Overlord  
  67  4:39  Overlord  
  67  4:45  Spore Crawler  
  66  4:56  Roach x7  
  66  4:59  Roach  
  82  5:01  Roach  
  84  5:07  Zergling x8  
  84  5:10  Roach  
  89  5:18  Roach x2  
  86  5:23  Zergling x12  
  83  5:31  Roach  
  83  5:33  Queen  
  83  5:35  Zergling x4  
  81  5:37  Extractor  
  78  5:45  Zergling x4, Ravager  
  78  5:47  Ravager  
  78  5:48  Zergling x2  
  83  5:55  Overlord x2  
  83  5:59  Zergling x2  
  83  6:02  Queen  
  83  6:04  Zergling x2  
  86  6:05  Ravager  
  86  6:08  Zergling x4  
  86  6:11  Queen  
  89  6:14  Zergling x10  
  89  6:15  Ravager  
  89  6:17  Zergling x6  
  100  6:19  Drone  
  100  6:25  Lair  
  96  6:28  Drone  
  96  6:30  Drone  
  96  6:31  Drone  
  93  6:40  Drone x5  
  93  6:44  Drone x2  
  93  6:45  Drone x3  
  93  6:46  Queen  
  103  6:47  Drone  
  103  6:48  Drone  
  103  6:52  Drone  
  102  6:54  Drone  
Tags
 
Add a new tag
Caveats
  • Supply blocks, unpowered buildings, or Contaminate may cause inaccurate times.
  • Supply counts are checked every 10 seconds.